 Dungeon Crawl Stone Soup version 0.28.0-43-g3370ac3207 (webtiles) character file.

Game seed: 16663254465565490739

163 nickcage the Cudgeller (level 5, -1/45 HPs)
             Began as a Minotaur Fighter on Mar 7, 2022.
             Was an Initiate of Makhleb.
             Slain by a gnoll sergeant
             ... wielding a +0 trident
              (8 damage)
             ... on level 3 of the Dungeon.
             The game lasted 00:05:45 (3032 turns).

nickcage the Cudgeller (Minotaur Fighter)           Turns: 3032, Time: 00:05:45

Health: -1/45      AC:  6    Str: 23    XL:     5   Next: 20%
Magic:  4/4        EV:  9    Int:  5    God:    Makhleb [......]
Gold:   141        SH:  4    Dex:  9    Spells: 4/4 levels left

rFire   . . .      SeeInvis .   a - +0 flail
rCold   . . .      Faith    .   c - +0 buckler
rNeg    . . .      Spirit   .   b - +0 scale mail
rPois   .          Reflect  .   (helmet restricted)
rElec   .          Harm     .   (no cloak)
rCorr   .          Rampage  .   (no gloves)
Will    .....                   (no boots)
Stlth   ..........              (no amulet)
HPRegen 0.15/turn               (no ring)
MPRegen 0.09/turn               (no ring)

@: no status effects
A: horns 2, retaliatory headbutt
a: Renounce Religion


You were on level 3 of the Dungeon.
You worshipped Makhleb.
Makhleb was noncommittal.
You visited 1 branch of the dungeon, and saw 4 of its levels.

You collected 141 gold pieces.

Inventory:

Hand Weapons
 a - a +0 flail (weapon)
Missiles
 n - 7 poisoned darts (quivered)
Armour
 b - a +0 scale mail (worn)
 c - a +0 buckler (worn)
Scrolls
 e - 4 scrolls of identify {unknown}
 f - 2 scrolls of teleportation {unknown}
 g - a scroll of enchant armour {unknown}
 l - a scroll of amnesia {unknown}
 m - a scroll of noise {unknown}
 o - a scroll of blinking {unknown}
Potions
 d - 2 potions of might
 h - 2 potions of cancellation {unknown}
 i - a potion of resistance {unknown}
 j - a potion of curing {unknown}
 k - a potion of haste {unknown}


   Skills:
 - Level 3.6 Fighting
 + Level 6.6 Maces & Flails
 - Level 3.6 Armour
 - Level 3.6 Shields


You had 4 spell levels left.
You didn't know any spells.
Your spell library was empty.

Dungeon Overview and Level Annotations

Branches:
Dungeon (4/15)
 Temple: D:4-7

Altars:
Elyvilon
Makhleb


Innate Abilities, Weirdness & Mutations

You have a pair of horns on your head.
You reflexively headbutt those who attack you in melee.


Message History

A gnoll comes into view. It is wielding a +0 halberd.
A gnoll comes into view. It is wielding a +0 spear.
The gnoll moves out of view.
Throw: 8 darts (poison)
Press: ? - help, Q - select action Shift-Dir - straight line, f - gnoll sergeant
Aim: a gnoll sergeant, wielding a +0 trident and wearing a +0 scale mail (62% to hit)
You throw a poisoned dart.
The poisoned dart hits the gnoll sergeant.
The gnoll sergeant is poisoned.
The gnoll sergeant hits you with a +0 trident!
The gnoll closely misses you.
There is a stone staircase leading up, spattered with blood here.
The gnoll sergeant hits you with a +0 trident.
The gnoll hits you from afar with a +0 spear.
You climb upwards.
There is a stone staircase leading down here.
You hit the gnoll sergeant.
The gnoll sergeant is moderately wounded.
The gnoll sergeant looks more healthy.
The gnoll sergeant hits you with a +0 trident.
You hit the gnoll sergeant.
The gnoll sergeant is heavily wounded.
The gnoll sergeant closely misses you.
You barely miss the gnoll sergeant.
Your headbutt misses the gnoll sergeant.
The gnoll sergeant is heavily wounded.
The gnoll sergeant hits you with a +0 trident.
You block the gnoll sergeant's attack.
You sock the gnoll sergeant!
The gnoll sergeant is almost dead.
The gnoll sergeant hits you with a +0 trident.
* * * LOW HITPOINT WARNING * * *
You hit the gnoll sergeant but do no damage.
The gnoll sergeant is severely wounded.
The gnoll sergeant hits you with a +0 trident.
* * * LOW HITPOINT WARNING * * *
You hit the gnoll sergeant but do no damage.
The gnoll sergeant is severely wounded.
The gnoll sergeant hits you with a +0 trident!
You die...

#...###..##.# ####.####.# ##..#
#..##.# #.# #.# ....# #.....# #.#
#.# ##.## #..#### ##.# #.# ##.#
#..# #..# #.# ...# #..########.##
#.# ####
..#####.......##...####.######...
........#####.##g...............#
....##### #.##@..####.........#
....# #.###### #######.#.# ..###
#.# ##... ..# #.# ##.# ###
#.########### #.# # #.#.........#
#.# #.#.#######.#######.# #.#.#
#.........# ##### #.#.#
#.#######.#


You could see a gnoll sergeant.

Vanquished Creatures
  A hound (D:4)
  3 adders (D:2)
  2 worms
  9 dart slugs
  4 orcs (D:3)
  8 bats
  4 endoplasms
  4 giant cockroaches
  8 goblins
  4 hobgoblins
  4 jackals
  2 quokkas
  4 ball pythons
  5 frilled lizards
  10 kobolds
  5 rats
77 creatures vanquished.

Notes
Turn   | Place    | Note
-------+----------+-------------------------------------------
     0 | D:1      | nickcage the Minotaur Fighter began the quest for the Orb.
     0 | D:1      | Reached XP level 1. HP: 19/19 MP: 0/0
    72 | D:1      | Reached skill level 3 in Maces & Flails
    75 | D:1      | Reached XP level 2. HP: 24/26 MP: 1/1
   214 | D:1      | Reached skill level 4 in Maces & Flails
   455 | D:1      | Reached XP level 3. HP: 31/31 MP: 2/2
  1112 | D:2      | Found a white marble altar of Elyvilon.
  1444 | D:2      | Reached skill level 5 in Maces & Flails
  1526 | D:2      | Reached XP level 4. HP: 36/39 MP: 3/3
  1981 | D:2      | Found a faded altar of an unknown god.
  2256 | D:3      | Found a burning altar of Makhleb.
  2267 | D:3      | Became a worshipper of Makhleb the Destroyer
  2356 | D:3      | Reached skill level 6 in Maces & Flails
  2973 | D:4      | Reached XP level 5. HP: 38/45 MP: 4/4
  3032 | D:3      | Slain by a gnoll sergeant

Illustrated notes

Levels and vault maps discovered:
D:1:      lightli_arrival_lavapool, layout_loops_corners,
          minmay_misc_feat_columns
D:2:      minmay_chambers_of_twos, layout_loops_ring, basic_altar,
          shapermc_ecumenical_altar_mp_urbaneastern,
          chequers_serial_rivers_large_a, st_stairs_9, corexii_leaking_fountain,
          serial_bayou_pond_a, kennysheep_generic_room_8
D:3:      layout_loops_ring, mainiacjoe_overflow_catwalk
D:4:      layout_cave_pools, nicolae_ossuary_entry_ruins, uniq_pikel

Skill      XL: |  1  2  3  4 |
---------------+-------------+-----
Maces & Flails | 3 4 5 6 |  6.6
Fighting       | |  3.6
Armour         | |  3.6
Shields        | |  3.6

Action                   |  1- 3 |  4- 6 || total
-------------------------+-------+-------++-------
Melee: Flail             |    87 |    72 ||   159
       Headbutt          |     7 |    10 ||    17
Throw: Dart              |       |     1 ||     1
Armor: Scale mail        |    40 |    21 ||    61
Dodge: Dodged            |    34 |    28 ||    62
Block: Buckler           |    19 |     8 ||    27
